Cogmind - Beta 15 *** ADVENTURER MODE // 2025.10.09 @ 10:38:33 Player: XXZ Result: Smashed by cave-in Performance ------------- Evolutions (0) 0 Regions Visited (2) 400 Robots Destroyed (7) 35 Value Destroyed (67) 67 Prototype IDs (0) 0 Alien Tech Used (0) 0 Bonus (-12) -12 TOTAL SCORE: 490 Bonus ------- Friendly Fire -12 Cogmind --------- Core Integrity 0/250 Matter 290/300 Energy 325/325 System Corruption 4% Temperature Cool (0) Movement Core (250) Ox4 Location -10/Mines Parts ------- > --- POWER (1) -------- Light Ion Engine > --- PROPULSION (2) --- (None) > --- UTILITY (2) ------ Small Storage Unit Large Battery > --- WEAPON (2) ------- Hammer > --- INVENTORY (8) ---- Light Ion Engine Light Assault Rifle Light Assault Rifle Rocket Launcher Mining Laser Peak State ------------ > --- POWER ------------ Light Ion Engine > --- PROPULSION ------- Light Treads Light Treads > --- UTILITY ---------- Small Storage Unit Large Battery > --- WEAPON ----------- Small Laser Light Assault Rifle > --- INVENTORY -------- Light Ion Engine Light Ion Engine Light Assault Rifle Rocket Launcher Hammer [Rating: 7] Favorites ----------- Power Light Ion Engine Engine Light Ion Engine Propulsion Light Treads Treads Light Treads Utility Small Storage Unit Storage Small Storage Unit Weapon Small Laser Energy Gun Small Laser Ballistic Gun Light Assault Rifle Impact Weapon Hammer Build | -11 -10 -10 ------- Run | Yrd Mat Min Slots Evolved . | . . . Power . | . . . Propulsion . | . . . Utility . | . . . Weapon . | . . . Parts Attached 12 | 6 1 5 Power 3 | 1 . 2 Engine 3 | 1 . 2 Core . | . . . Reactor . | . . . Propulsion 3 | 2 . 1 Treads 3 | 2 . 1 Leg . | . . . Wheel . | . . . Hover . | . . . Flight . | . . . Utility 2 | 1 . 1 Device . | . . . Storage 2 | 1 . 1 Processor . | . . . Hackware . | . . . Protection . | . . . Artifact . | . . . Weapon 4 | 2 1 1 Energy Gun 2 | 1 1 . Energy Cannon . | . . . Ballistic Gun 1 | 1 . . Ballistic Cannon . | . . . Launcher . | . . . Special Weapon . | . . . Impact Weapon 1 | . . 1 Slashing Weapon . | . . . Piercing Weapon . | . . . Special Melee Weapon . | . . . Unidentified Prototypes . | . . . Parts Lost 7 | . 1 6 Power 2 | . . 2 Propulsion 3 | . . 3 Utility . | . . . Weapon 2 | . 1 1 Highest Loss Streak 4 | . 1 4 To Critical Strikes . | . . . Average Backups 3 | 1 1 4 Power 1 | . 1 1 Propulsion . | . . . Utility . | . . . Weapon 2 | . . 2 Tool/Special . | . . . Unused Backups 4 | . . 4 Power 1 | . . 1 Propulsion . | . . . Utility . | . . . Weapon 3 | . . 3 Tool/Special . | . . . Average Slot Usage (%) 83 | . 85 83 Engine 11 | . 14 11 Treads 22 | . 28 21 Storage 20 | . 14 21 Energy Gun 14 | . 14 14 Ballistic Gun 7 | . 14 6 Impact Weapon 6 | . . 7 Peak Build Rating 7 | 6 6 7 Average Rating 5 | 4 5 5 On Entrance 4 | . 6 6 Naked Turns . | . . . Heaviest Build 16 | 11 11 16 Greatest Support 40 | 40 40 40 Greatest Overweight (x) 5 | 3 . 5 Average Overweight (x) . | 1 . . Largest Inventory Capacity 8 | 8 8 8 Average Capacity 7 | 7 8 8 Most Carried 7 | 2 2 7 Average Carried 3 | 1 1 4 Final Capacity 8 | 8 8 8 Final Carried 5 | 2 1 5 Class Distribution -------------------- 100% | Mutant Dominant Class ---------------- Mutant | -10/Materials Mutant | -10/Mines Resources | -11 -10 -10 ----------- Run | Yrd Mat Min Matter Collected 315 | 241 30 44 Remotely . | . . . Salvage Created 124 | . 45 79 Parts 13 | . 7 6 Haulers Intercepted . | . . . Recyclers Shooed . | . . . Parts Field Recycled . | . . . Retrieved Matter . | . . . Parts Self-Destructed . | . . . Prevented . | . . . Kills | -11 -10 -10 ------- Run | Yrd Mat Min Combat Hostiles Destroyed 6 | . 2 4 Guns 5 | . 2 3 Classes Destroyed 4 | . 2 2 Worker 1 | . . 1 Watcher 1 | . 1 . Swarmer 5 | . 2 3 Assembled 1 | . . 1 Best Kill Streak 3 | . 2 3 Combat Bots Only 3 | . 2 3 Max Kills in Single Turn 2 | . 1 2 Gunslinging . | . . . Exploded . | . . . Melee . | . . . Uniques/NPCs Destroyed . | . . . Combat | -11 -10 -10 -------- Run | Yrd Mat Min Hostile Shots Fired 50 | . 8 42 Missed 12 | . 4 8 Hits 38 | . 4 34 Melee 1 | . . 1 Projectile 37 | . 4 33 AOE 13 | . . 13 Critical Strikes 1 | . . 1 Damage Taken 969 | . 98 871 Core 261 | . . 261 Absorbed by Shields . | . . . Ignored by Resistances 183 | . 28 155 Core Remaining (%) 100 | 100 . . Volleys Fired 19 | . 8 11 Largest 2 | . 2 2 Hottest 60 | . 60 60 Shots Fired 35 | . 16 19 Gun 35 | . 16 19 Cannon . | . . . Launcher . | . . . Special . | . . . Kinetic 16 | . 8 8 Thermal 17 | . 6 11 Explosive . | . . . Electromagnetic 2 | . 2 . Robot Hit Streak 5 | . 4 5 Robot Miss Streak 2 | . 2 2 Penetration Max . | . . . Secondary Targets . | . . . Shots Hit Robots 26 | . 9 17 Core Hits 9 | . 4 5 Critical Kills . | . . . Critical Parts Destroyed . | . . . Critical Strikes . | . . . Melee Attacks 7 | . . 7 Impact 7 | . . 7 Slashing . | . . . Piercing . | . . . Sneak Attacks 1 | . . 1 Combat Hostiles . | . . . Follow-up Attacks . | . . . Damage Inflicted 444 | . 98 346 Guns 219 | . 98 121 Cannons . | . . . Explosions . | . . . Melee 225 | . . 225 Ramming . | . . . Kinetic 87 | . 43 44 Thermal 122 | . 45 77 Explosive . | . . . Electromagnetic 10 | . 10 . Impact 225 | . . 225 Slashing . | . . . Piercing . | . . . Highest Corruption 3 | . . 3 Average Corruption 3 | . . 3 Corruption Purged . | . . . Corruption Blocked . | . . . Effects 2 | . . 2 Heat Flow Errors 1 | . . 1 Energy Discharges 1 | . . 1 Overload Shots . | . . . Overflow Damage 33 | . . 33 Projectiles . | . . . Explosions . | . . . Melee 33 | . . 33 Knockbacks 2 | . . 2 Impact 2 | . . 2 Kinetic . | . . . Secondary . | . . . Self-Inflicted Damage . | . . . Shots . | . . . Rammed . | . . . Targets Rammed . | . . . Kicked . | . . . Crushed . | . . . Highest Temperature 177 | . 40 177 Average Temperature 31 | . 20 39 Received Heat Transfer . | . . . Siege Activations . | . . . Martial Activations . | . . . Shielding Activations . | . . . Robots Disrupted . | . . . Combat Hostiles . | . . . Robots Corrupted 2 | . . 2 Combat Hostiles 1 | . . 1 Parts Fried 1 | . . 1 Impact Corruptions 3 | . . 3 Robots Melted . | . . . Combat Hostiles . | . . . Parts Melted . | . . . Heat Transferred 275 | . 100 175 Parts Sabotaged . | . . . Parts Stolen . | . . . Parts Stripped . | . . . Power Chain Reactions . | . . . Alert | -11 -10 -10 ------- Run | Yrd Mat Min Maximum Alert Level . | . . . Low Security (%) 100 | 100 100 100 Level 1 . | . . . Level 2 . | . . . Level 3 . | . . . Level 4 . | . . . Level 5 . | . . . High Security . | . . . Max Security . | . . . Peak Influence 60 | . 55 60 Initial 15 | . . 15 Average 9 | . 18 8 Influence Increases 152 | . 77 75 Destroy 0b10 Robot/C 100 | . 40 60 Destroy 0b10 Robot/NC 10 | . 5 5 Destroy Leader 12 | . 2 10 Lose Combat Pursuer 30 | . 30 . Influence Decreases 152 | . 30 122 Entered New Map 32 | . . 32 Time Decay 110 | . 20 90 Lost Part 10 | . 10 . Squads Dispatched . | . . . Investigation . | . . . Extermination . | . . . Reinforcement . | . . . Assault . | . . . Garrison . | . . . Intercept . | . . . Searches Triggered . | . . . Construction Impeded . | . . . Haulers Reinforced . | . . . Active Scanning Responses . | . . . Cargo Convoy Interrupts . | . . . Stealth | -11 -10 -10 --------- Run | Yrd Mat Min Distress Signals 1 | . 1 . Communications Jammed . | . . . Distress Signals . | . . . Times Spotted 30 | . 6 24 Peak Tracking Total 9 | . 3 9 Tactical Retreats 2 | . 2 . Traps | -11 -10 -10 ------- Run | Yrd Mat Min Traps Triggered . | . . . Indirectly . | . . . Trap Hack Attempts . | . . . Triggered . | . . . Disarmed . | . . . Reprogrammed . | . . . Reused . | . . . Traps Extracted . | . . . Installed . | . . . Triggered . | . . . Machines | -11 -10 -10 ---------- Run | Yrd Mat Min Machines Disabled . | . . . Max in Single Turn . | . . . Machines Repaired . | . . . Machines Dismantled . | . . . Machines Sabotaged . | . . . Overloaded Fab Kills . | . . . Hacking | -11 -10 -10 --------- Run | Yrd Mat Min Machines Accessed . | . . . Terminals . | . . . Fabricators . | . . . Repair Stations . | . . . Recycling Units . | . . . Scanalyzers . | . . . Garrison Access . | . . . Total Hacks . | . . . Successful . | . . . Failed . | . . . Catastrophic . | . . . Database Lockouts . | . . . Manual . | . . . Terminals . | . . . Fabricators . | . . . Repair Stations . | . . . Recycling Units . | . . . Scanalyzers . | . . . Garrison Access . | . . . Terminal Hacks . | . . . Fabricator Hacks . | . . . Repair Station Hacks . | . . . Recycling Unit Hacks . | . . . Scanalyzer . | . . . Garrison Access Hacks . | . . . Unauthorized Hacks . | . . . Terminals . | . . . Fabricators . | . . . Repair Stations . | . . . Recycling Units . | . . . Scanalyzers . | . . . Garrison Access . | . . . Data Cores Recovered . | . . . Used . | . . . Hacking Detections . | . . . Full Trace Events . | . . . Feedback Events . | . . . Feedback Blocked . | . . . Robot Schematics Acquired . | . . . Robots Built . | . . . Authchips . | . . . Time . | . . . Total Robot Build Rating . | . . . Part Schematics Acquired . | . . . Parts Built . | . . . Authchips . | . . . Time . | . . . Total Part Build Rating . | . . . Parts Repaired . | . . . Time . | . . . Parts Recycled . | . . . Recycled Matter . | . . . Retrieved Matter . | . . . Retrieved Components . | . . . Parts Scanalyzed . | . . . Part Schematics Acquired . | . . . Parts Damaged . | . . . Bothacking | -11 -10 -10 ------------ Run | Yrd Mat Min Used RIF Installer . | . . . Robots Hacked . | . . . Non-combat . | . . . Combat . | . . . Robot Hacks Applied . | . . . Relay Couplers Released . | . . . Fabnet Peak Effective % . | . . . Robots Rewired . | . . . Allies Hacked . | . . . Hacks Repelled . | . . . Allies | -11 -10 -10 -------- Run | Yrd Mat Min Total Allies 1 | . . 1 Largest Group 1 | . . 1 Highest-Rated Group 16 | . . 16 Highest-Rated Ally 16 | . . 16 Total Orders . | . . . Ally Attacks . | . . . Total Damage . | . . . Kills . | . . . Allies Corrupted . | . . . Allies Melted . | . . . Intel | -11 -10 -10 ------- Run | Yrd Mat Min Active Infowar (turns) . | . . . Robot Analysis Total . | . . . Derelict Logs Recovered 1 | . . 1 Drone Launches . | . . . Drone Recoveries . | . . . Exploration | -11 -10 -10 ------------- Run | Yrd Mat Min Turns Passed 739 | 71 107 561 Spaces Moved 394 | 41 53 300 Core 74 | 25 . 49 Treads 320 | 16 53 251 Legs . | . . . Wheels . | . . . Hover . | . . . Flight . | . . . Fastest Speed 50 | 50 160 160 Average Speed 164 | 149 160 167 Slowest Speed 300 | 200 160 300 Overloaded Moves . | . . . Propulsion Burnouts . | . . . Robots Hopped . | . . . Potential Cave-ins 3 | . . 3 Cave-ins Triggered 2 | . . 2 Exploration Rate (%) 22 | 4 15 47 Regions Visited 2 Branch Regions 1 Pre-discovered Areas . | . . . Known Exits Taken . | . . . Unknown Exits Taken 2 | 1 1 . Scrap Searched 2 | . . 2 Spaces Dug . | . . . Terrain Destroyed . | . . . Melee . | . . . Projectile . | . . . AOE . | . . . Terrain Rammed . | . . . Walls Destroyed . | . . . Machines Disabled . | . . . Actions | -11 -10 -10 --------- Run | Yrd Mat Min Total 438 | 48 61 329 Wait . | . . . Move 392 | 40 52 300 Hop . | . . . Pick Up 8 | 2 . 6 Fast Attach 8 | 6 . 2 Attach 3 | . 1 2 Detach . | . . . Swap 1 | . . 1 Drop . | . . . Fire 19 | . 8 11 Melee 7 | . . 7 Ram . | . . . Kick . | . . . Crush . | . . . Escape Stasis . | . . . Rewire . | . . . Trap . | . . . Miscellaneous . | . . . Route ------- -11/Scrapyard -10/Materials -10/Mines History --------- Turn | Location | Event 20 | -11/Scrapyard | Discovered new exit (range 15) 72 | -11/Scrapyard | Entered Materials 127 | -10/Materials | Discovered new exit (range 7) 179 | -10/Materials | Entered Mines 186 | -10/Mines | Received a Rocket Launcher from a helpful Derelict 218 | -10/Mines | Met a Derelict bent on vengeance 318 | -10/Mines | Build established: Mutant 540 | -10/Mines | Assembled infested the area 545 | -10/Mines | Assisted by a Guerilla fighting off Assembled 589 | -10/Mines | Core integrity fell below 50% 614 | -10/Mines | Assisted by bots powering up and referring to "LRC-V3" 622 | -10/Mines | Crushed by falling debris 622 | -10/Mines | Core integrity fell below 20% 653 | -10/Mines | Lost 4 parts (2p2n) 741 | -10/Mines | Crushed by falling debris 741 | -10/Mines | Smashed by cave-in Last Messages --------------- cause a cave-in, but only if doing so for extended periods. Tunneling a short distance between rooms is safe unless the area was destabilized by an explosion. The unstable cave ceiling collapses. System corrupted: Energy discharge (-105). System corrupted: Heat flow error (+202). K-01 Serf collects debris. Sneak attack on K-01 Serf. Destroyed Lgt. Ion Engine. Destroyed Med. Matter Pod. K-01 Serf system corrupted by crushing effect. K-01 Serf knocked back. K-01 Serf system terminally corrupted. Wheel fried. The unstable cave ceiling collapses. Crushed by falling debris. Lgt. Treads destroyed. System corrupted by crushing effect (+1). Sml. Laser destroyed. Map ----- +----------------------------------------------------+ | ??????????????????????????????????????? | | ??????????????????????????????????????? | | ??????????????????????????????????????? | | ??????????????????????????????????????? | | ??????????????????????????????????????? | | ??????????????????????????????????????? | | ??????????????????????????????????????? | | ??????????????????????????????????????? | | ??????????????????????????????????????? | | ??????????????????????????????????????? | | ??????????????????????????????????????? | | ??????????????????????????????????????? | | ??????????????????????????????????????? | | ??????????????????????????????????????? | | ????????????????######????????????????? | | ????????????????# ?????????????????? | | ????????????????# ??????????????????? | | ????????????????# %#??????????????????? | | ????????????????# ##???####??????????? | | ??????????????### ##### ##?????????? | | ???????###????# # #?????????? | | ?????### ####### #% ##????????? | | ?????## ## ## ########## | | ??##### # ### ## !!% | | ?## # # ## # ## ######### | | ?# @## ##??????? | | ?# # % #??????? | | ?## ## ##g#%#### # #??????? | | ??# ## # ### # #??????? | | ??# ## # #### # # ##?###?# | | ??# ### # # ## ### # | | ??## " ##### # # #### | | ???# ## ######??# | | ???# ###### ##??## | | ???# #### ##### ##??# ## | | ???# ##??# #??# ###### | | ???## ##???# ##### #??# ##????# | | ????## ##????# #??## ##??## ##?????? | | ?????# ####### #### ##???####??????? | | ?????# #?????????????? | | ?????############# #?????????????? | | ?????????????????## #?????????????? | | ??????????????????### ##?????????????? | | ?????????????????????###??????????????? | | ??????????????????????????????????????? | | | | | | | | | | | +----------------------------------------------------+ Best States ------------- Heat Dissipation 25 Energy Generation 10 Energy Capacity 450 Matter Stores 300 Matter Capacity 300 Sight Range 16 Terrain Scan Density 10 Resistance: KI 20 Resistance: TH 20 Resistance: EX 20 Resistance: EM 20 Resistance: I 20 Resistance: S 20 Resistance: P 20 Evasion (%) 40 Recoil Reduction 2 Offensive Hacking 10 Item Schematics ----------------- None Robot Schematics ------------------ None Fabricated ------------ Nothing Repaired ---------- Nothing Alien Tech Used ----------------- None Achievements -------------- None Challenges ------------ None Game ------ Seed HugeShieldRigger Manual? 0 Play Time 00:11:15 Cumulative 39.2 hours Start 2025.10.09 @ 10:26:33 End 2025.10.09 @ 10:38:33 Sessions 1 Manual Loads 0 Difficulty Adventurer Special Mode None Game No. 59 Rogue 15 Adventurer 44 Explorer 0 Win Type - Total 0 Types 0/0/0/0/0/0/0/0/0/0 Lore% 5 Gallery% 22 Achievement% 19 Wizard Run 0 Options --------- Layout 1 ASCII 0 Keyboard 0 Movement Numpad Keybinds 0 Fullscreen 1 Font 16/SmallcapsGlow Map View 55x38 Zoom Use 0% Tactical HUD 0 Map Filters NONE Filters NONE Steam 1 RUN: 959a7a05-193c-4dfe-a67f-8f23194bf0b9